Map: Ley Lines

Players

Vaisravana - Winner!

  • Race: Protoss Protoss
  • Spawn Location: 1:00

kitune

  • Race: Zerg Zerg
  • Spawn Location: 7:00

VOD

Have the link to the VOD?

Description

Time

  • Played on: May 27, 2025, 3:37 p.m.
  • Length: 10:21
Show
View Real Time Build Order
Export as new Build Order

Vaisravana Protoss - Winner!

Build Orders: 1 Gate Expand, Oracle Opening, Zealot Archon 

Get SALT Encoding   

  12  0:00  Probe  
  13  0:12  Probe  
  14  0:18  Pylon  
  14  0:24  Probe  
  15  0:34  Probe  
  15  0:38  Gateway  
  16  0:42  Probe  
  16  0:48  Assimilator  
  17  0:51  Probe  
  18  1:03  Probe  
  19  1:15  Probe  
  20  1:25  Cybernetics Core  
  20  1:34  Nexus  
  20  1:38  Probe  
  21  1:43  Pylon  
  21  1:50  Probe  
  21  1:52  Assimilator  
  21  1:53  Adept  
  22  2:02  Probe  
  25  2:13  Cybernetics Core  
  25  2:15  Adept  
  25  2:23  Probe  
  28  2:33  Stargate  
  28  2:35  Probe  
  29  2:43  Adept  
  29  2:45  Warp Gate  
  29  2:50  Probe x2  
  33  3:02  Probe x2  
  35  3:13  Oracle  
  35  3:14  Probe  
  35  3:15  Probe  
  37  3:26  Probe  
  39  3:27  Probe  
  38  3:37  Pylon  
  38  3:38  Probe  
  38  3:39  Probe  
  40  3:50  Oracle  
  40  3:55  Probe x2  
  45  3:58  Nexus  
  45  3:59  Pylon  
  45  4:05  Forge  
  45  4:07  Probe x2  
  47  4:11  Protoss Ground Weapons Level 1  
  47  4:19  Probe x2  
  49  4:31  Assimilator, Probe x2  
  49  4:34  Shield Battery  
  49  4:35  Assimilator  
  49  4:38  Twilight Council  
  51  4:40  Gateway  
  51  4:44  Probe x2  
  53  4:50  Gateway  
  53  4:52  Gateway  
  53  4:55  Pylon  
  53  4:58  Probe x2  
  55  5:04  Phoenix  
  55  5:10  Probe x2  
  59  5:18  Probe  
  60  5:22  Probe  
  60  5:23  Probe  
  62  5:29  Charge  
  62  5:30  Probe  
  60  5:37  Zealot x2  
  60  5:40  Probe  
  60  5:41  Probe  
  60  5:42  Probe  
  67  5:47  Photon Cannon x2  
  67  5:48  Protoss Ground Weapons Level 2  
  67  5:49  Zealot, Pylon  
  69  5:53  Probe x2  
  69  5:54  Probe  
  72  6:01  Gateway  
  72  6:02  Gateway  
  72  6:05  Probe x2  
  72  6:06  Probe  
  72  6:10  Zealot x4  
  83  6:22  Gateway x2  
  83  6:26  Probe x3  
  83  6:28  Assimilator  
  86  6:33  Templar Archives  
  86  6:35  Zealot  
  88  6:40  Zealot  
  88  6:41  Zealot  
  92  6:48  Probe  
  92  6:49  Assimilator  
  93  7:02  Pylon  
  93  7:05  Pylon  
  93  7:07  Pylon  
  93  7:09  Pylon  
  93  7:12  Probe x2  
  93  7:25  High Templar x8  
  93  7:28  Nexus  
  93  7:29  Pylon, Archon x4  
  109  7:35  Robotics Facility  
  109  7:39  Psionic Storm  
  109  7:42  Probe x3  
  112  7:55  Probe  
  112  7:56  Probe x2  
  112  7:58  Zealot x5  
  119  7:59  Zealot x3  
  119  8:05  Shield Battery  
  131  8:07  Photon Cannon  
  131  8:08  Photon Cannon, Probe x2  
  131  8:10  Pylon  
  131  8:11  Pylon  
  131  8:12  Pylon  
  133  8:25  Warp Prism  
  133  8:28  Probe  
  134  8:37  Zealot x3  
  134  8:38  Zealot x5  
  134  8:40  Probe x2  
  134  8:41  Probe  
  153  8:42  Probe  
  153  8:44  Gateway  
  153  8:45  Gateway  
  154  8:52  Probe  
  154  8:53  Probe x2  
  157  9:01  Observer  
  158  9:09  Assimilator  
  158  9:11  Assimilator  
  158  9:13  Gateway  
  158  9:18  Zealot  
  158  9:19  Zealot x6  
  162  9:40  Observer  
  162  9:42  High Templar x4  
  162  9:43  High Templar  
  163  9:58  High Templar x3  
  135  10:20  High Templar x4  
  135  10:21  High Templar  
Show
View Real Time Build Order
Export as new Build Order

kitune Zerg 

Build Orders: Pool First 

Get SALT Encoding   

  12  0:01  Drone  
  13  0:12  Overlord  
  13  0:17  Drone  
  14  0:31  Drone x2  
  16  0:41  Spawning Pool  
  15  0:44  Drone  
  16  0:53  Drone  
  17  1:08  Hatchery  
  16  1:12  Drone  
  16  1:15  Extractor  
  16  1:28  Zergling x2  
  16  1:29  Zergling x4  
  19  1:35  Queen  
  21  1:40  Drone  
  22  1:51  Overlord  
  22  2:10  Drone  
  22  2:11  Queen  
  22  2:12  Drone  
  26  2:19  Metabolic Boost  
  26  2:30  Zergling x4  
  27  2:37  Drone x2  
  27  2:41  Queen  
  31  2:54  Lair  
  31  2:59  Extractor  
  31  3:00  Overlord  
  31  3:05  Drone  
  31  3:11  Drone x2  
  29  3:33  Drone x3  
  31  3:36  Drone x3  
  34  3:47  Drone x3  
  37  3:53  Overlord  
  37  4:04  Hydralisk Den  
  37  4:06  Drone x3  
  39  4:11  Overlord  
  39  4:17  Spore Crawler  
  35  4:25  Drone x3  
  35  4:31  Spore Crawler  
  37  4:32  Spore Crawler  
  37  4:34  Drone  
  37  4:36  Drone  
  38  4:42  Drone x3  
  41  4:48  Grooved Spines  
  41  4:51  Drone  
  41  4:52  Drone  
  40  5:08  Extractor x2, Drone x6  
  42  5:34  Drone x4  
  46  5:36  Drone x3  
  46  5:39  Muscular Augments, Drone x3  
  52  5:56  Hatchery, Overlord x2  
  51  6:21  Hydralisk  
  51  6:22  Hydralisk x7  
  67  6:34  Lurker Den  
  67  6:39  Infestation Pit  
  65  6:42  Overlord x3  
  65  7:02  Hydralisk  
  65  7:03  Hydralisk x5  
  65  7:08  Drone x2  
  79  7:09  Drone  
  80  7:23  Drone  
  80  7:24  Drone x6  
  87  7:40  Hive  
  87  7:43  Overlord  
  86  7:46  Overlord  
  86  7:48  Hatchery  
  86  7:49  Drone  
  86  7:50  Drone  
  86  7:58  Hydralisk  
  86  8:03  Hydralisk x3  
  86  8:04  Hydralisk  
  95  8:18  Zergling x14  
  95  8:19  Zergling x6  
  105  8:28  Lurker  
  105  8:29  Lurker x2  
  105  8:46  Hatchery  
  104  8:48  Overlord  
  104  8:49  Overlord x4  
  104  8:56  Seismic Spines  
  104  9:04  Overlord x2  
  103  9:29  Evolution Chamber  
  103  9:30  Evolution Chamber  
  99  9:42  Zergling x2  
  99  9:43  Zergling x24  
  95  9:57  Drone  
  95  9:58  Drone x6  
Tags
 
Add a new tag
Caveats
  • Supply blocks, unpowered buildings, or Contaminate may cause inaccurate times.
  • Supply counts are checked every 10 seconds.